 Dungeon Crawl Stone Soup version 0.32-a0-720-g1d96ad0 (webtiles) character file.

Game seed: 2650289412989771355

45 PidgeyThePirate the Shooter (level 3, 0/27 HPs)
             Began as a Coglin Hunter on Mar 16, 2024.
             Succumbed to an adder's poison
             ... on level 2 of the Dungeon.
             The game lasted 00:01:18 (898 turns).

PidgeyThePirate the Shooter (Coglin Hunter)          Turns: 898, Time: 00:01:19

Health: 0/27       AC:  3    Str: 13    XL:     3   Next: 64%
Magic:  3/3        EV: 11    Int:  8    God:
Gold:   46         SH:  0    Dex: 17    Spells: 2/2 levels left

rFire   . . .        a - +2 sling {Udom}
rCold   . . .        d - +0 sling {Tiberius}
rNeg    . . .        c - +0 leather armour
rPois   .            (no helmet)
rElec   .            (no cloak)
rCorr   .            (no gloves)
SInv    .            (no boots)
Will    .....        (amulet unavailable)
Stlth   ++           (ring unavailable)
HPRegen 0.24/turn    (ring unavailable)
MPRegen 0.08/turn    (no gizmo)

%: no passive effects
@: mighty, lethally poisoned (0 -> -5), revved
A: off-hand wielding, slow wielding, warmup strikes, no jewellery
a: Invent Gizmo


You were on level 2 of the Dungeon.
You visited 1 branch of the dungeon, and saw 2 of its levels.

You collected 46 gold pieces.

Inventory:

Hand Weapons
 a - a +2 sling (weapon) {Udom}
 d - a +0 sling (offhand) {Tiberius}
Armour
 c - a +0 leather armour (worn)
Scrolls
 b - a scroll of butterflies
 f - a scroll of enchant weapon {unknown}
Potions
 e - a potion of might


   Skills:
 + Level 2.2 Fighting
 + Level 4.6 Ranged Weapons
 + Level 0.2 Armour
 + Level 1.8 Dodging
 + Level 0.7 Stealth


You had 2 spell levels left.
You didn't know any spells.
Your spell library was empty.

Dungeon Overview and Level Annotations

Branches:
Dungeon (2/15)

Altars:

Shops:
D:1 ?


Innate Abilities, Weirdness & Mutations

You can wield a second weapon in your off-hand.
It takes a long time for you to wield or remove held weapons.
Your first few attacks do less damage.
You cannot equip rings or amulets.


Message History

The sling bullet barely misses Terence.
Terence barely misses you.
Fire: a) +2 sling {Udom}
Press: ? - help, Q - select action Shift-Dir - straight line, f/p - Terence
Aim: Terence, wielding a +0 short sword and wearing a +0 scale mail (heavily wounded, 66% to hit)
You shoot a sling bullet. The sling bullet barely misses Terence.
You shoot a sling bullet. The sling bullet hits Terence.
Terence is heavily wounded.
Terence hits you with a +0 short sword.
* * * LOW HITPOINT WARNING * * *
Fire: a) +2 sling {Udom}
Press: ? - help, Q - select action Shift-Dir - straight line, f/p - Terence
Aim: Terence, wielding a +0 short sword and wearing a +0 scale mail (heavily wounded, 66% to hit)
You shoot a sling bullet. The sling bullet hits Terence.
Terence is severely wounded.
You shoot a sling bullet. The sling bullet hits Terence.
Terence is almost dead.
Terence hits you with a +0 short sword.
* * * LOW HITPOINT WARNING * * *
The adder completely misses you.
Fire: a) +2 sling {Udom}
Press: ? - help, Q - select action Shift-Dir - straight line, f/p - Terence
Aim: Terence, wielding a +0 short sword and wearing a +0 scale mail (almost dead, 66% to hit)
You shoot a sling bullet. The sling bullet hits Terence.
You kill Terence!
You shoot a sling bullet. The adder bites you.
* * * LOW HITPOINT WARNING * * *
You are lethally poisoned!
The adder poisons you! The adder bites you.
* * * LOW HITPOINT WARNING * * *
You have reached level 3!
Your experience leads to an increase in your attributes!
Increase (S)trength, (I)ntelligence, or (D)exterity?
You feel stronger. x2
Your brain swirls with designs for a geocore N-10.
You just need some more time...
It was a potion of might.
You feel very mighty all of a sudden.
You die...

#..# #..# #
#..# #. #..# #
#.## #..#
#..#... #..#
.......####..#
......S@.....#
......)#####.#
....... #.#
....... #.#
....... #.#
...?... #.#
....... #.#
####### #.#
#.#


You could see an adder.

Vanquished Creatures
  Terence (D:2)
  3 bats (D:1)
  4 endoplasms
  2 giant cockroaches (D:1)
  A goblin (D:1)
  A quokka (D:1)
  2 ball pythons (D:1)
  A frilled lizard (D:1)
  3 kobolds (D:1)
  A rat (D:1)
19 creatures vanquished.

Notes
Turn   | Place    | Note
-------+----------+-------------------------------------------
     0 | D:1      | PidgeyThePirate the Coglin Hunter began the quest for the
                  | Orb.
     0 | D:1      | Reached XP level 1. HP: 16/16 MP: 1/1
   167 | D:1      | Reached skill level 4 in Ranged Weapons
   167 | D:1      | Reached XP level 2. HP: 22/22 MP: 2/2
   509 | D:1      | Found Axzezoapuk's Magic Scroll Boutique.
   887 | D:2      | Noticed Terence
   897 | D:2      | Killed Terence
   897 | D:2      | HP: 1/22 [adder (2)]
   898 | D:2      | Reached XP level 3. HP: 1/27 MP: 3/3
   898 | D:2      | Succumbed to an adder's poison

Illustrated notes

Levels and vault maps discovered:
D:1:      dpeg_arrival_boxorama, layout_basic, serial_shops, nicolae_shop_stone
D:2:      layout_basic, basic_altar, uniq_terence

Skill      XL: |  1 |
---------------+----+-----
Ranged Weapons | 4 |  4.6
Fighting       | |  2.2
Armour         | |  0.2
Dodging        | |  1.8
Stealth        | |  0.7

Action                     || total
---------------------------++-------
   Fire: Sling             ||    90
    Use: Potion            ||     1
 Armour: Leather armour    ||    15
  Dodge: Dodged            ||    13

Table legend: (Time is in decaauts)
 A = Elapsed time spent in this place.
 B = Non-inter-level travel time spent in this place.
 C = Inter-level travel time spent in this place.
 D = Time resting spent in this place.
 E = Time spent auto-exploring this place.
 F = Levels seen in this place.
 G = Mean time per level.
                   A        B        C        D        E       F      G
               +--------+--------+--------+--------+--------+-----+--------+
         Total |    908 |    820 |     88 |      0 |    734 |   2 |  454.0 |
       Dungeon |    908 |    820 |     88 |      0 |    734 |   2 |  454.0 |
               +--------+--------+--------+--------+--------+-----+--------+

Top non-repeatable levels by time:
     D:1: 868 daAuts
     D:2: 40 daAuts
